 Dungeon Crawl Stone Soup version 0.28-a0-48-gfd831c5874 (webtiles) character file.

Game seed: 5632671011127534211

1211 jasper the Changer (level 8, 0/38 (40) HPs)
             Began as a Vine Stalker Transmuter on July 29, 2021.
             Was a Follower of Uskayaw.
             Slain by a wight (10 damage)
             ... on level 6 of the Dungeon.
             The game lasted 00:10:50 (5061 turns).

jasper the Changer (Vine Stalker Transmuter)        Turns: 5061, Time: 00:10:51

HP:   0/38 (40)     AC:  3    Str: 13    XL:     8   Next: 46%
MP:   0/12          EV: 12    Int: 15    God:    Uskayaw [*.....]
Gold: 105           SH:  0    Dex: 15    Spells: 5/11 levels left

rFire   + . .      SeeInvis .     - Unarmed
rCold   + . .      Faith    .   (no shield)
rNeg    + . .      Spirit   +   e - +0 leather armour
rPois   +          Reflect  .   (helmet currently unavailable)
rElec   .          Harm     .   n - scarf {rC+ rF+}
rCorr   .          Rampage  .   (no gloves)
Will    +....                   (boots currently unavailable)
Stlth   +.........              (no amulet)
HPRegen 1.12/turn               r - ring of positive energy
MPRegen 0.13/turn               c - ring of poison resistance

@: appendages, drained
A: horns 2, talons 2, fangs 3, regeneration 1, magic shield, antimagic bite, no
potion heal 2
a: End Transformation, Renounce Religion, Stomp


You were on level 6 of the Dungeon.
You worshipped Uskayaw.
Uskayaw was noncommittal.
You had temporarily grown beastly horns and talons.
You visited 1 branch of the dungeon, and saw 6 of its levels.

You collected 167 gold pieces.
You spent 62 gold pieces at shops.

Inventory:

Hand Weapons
 m - a +5 dagger of speed
Missiles
 b - 202 stones
 f - 5 boomerangs (quivered)
 j - 22 sling bullets
Armour
 a - a +0 robe
 e - a +0 leather armour (worn)
 k - a +0 scale mail
 n - a scarf of resistance (worn)
 o - a +0 pair of boots (melded)
Magical Staves
 g - a staff of air
Jewellery
 c - a ring of poison resistance (right hand)
 d - a +6 ring of strength
 r - a ring of positive energy (left hand)
Scrolls
 l - a scroll of vulnerability
 s - a scroll of blinking
 u - a scroll of fog
 v - a scroll of teleportation
 w - 2 scrolls of fear {unknown}
Potions
 h - 4 potions of curing {unknown}
 i - 2 potions of heal wounds {unknown}
 p - a potion of flight {unknown}
 q - 2 potions of attraction {unknown}
 t - a potion of cancellation {unknown}


   Skills:
 + Level 3.2 Fighting
 + Level 2.3 Dodging
 + Level 4.6 Unarmed Combat
 - Level 2.1 Spellcasting
 - Level 7.0 Transmutations
 - Level 4.2 Poison Magic


You had 5 spell levels left.
You knew the following spells:

 Your Spells              Type           Power      Damage    Failure   Level
a - Beastly Appendage     Tmut           44%        N/A       1%          1
b - Wereblood             Tmut           22%        N/A       2%          2
c - Spider Form           Tmut/Pois      9%         N/A       9%          3

Your spell library contained the following spells:

 Spells                   Type           Power      Damage    Failure   Level
 Ice Form                 Ice/Tmut       12%        N/A       54%         4


Dungeon Overview and Level Annotations

Branches:
Dungeon (6/15)             Temple (0/1) D:6

Altars:
Uskayaw
Xom

Shops:
D:2 *


Innate Abilities, Weirdness & Mutations

You have temporarily grown beastly horns and talons.
You have razor-sharp teeth.
Your natural rate of healing is unusually fast.
When hurt, damage is shared between your health and your magic reserves.
Your bite disrupts and absorbs the magic of your enemies.
Potions cannot restore your health.


Message History

Throw: 5 boomerangs
Press: ? - help, Q - select action, (/) - cycle Shift-Dir - straight line, f/p - wight
Aim: a wight, wielding a +4 great sword and wearing a +0 robe (moderately damaged, 59% to hit)
You throw a boomerang. The boomerang closely misses the wight.
Casting: Beastly Appendage (safe; 1% risk of failure)
Confirm with . or Enter, or press ? or * to list all spells.
You extend your transformation's duration.
You now have 11/12 mp.
Throw: 5 boomerangs
Press: ? - help, Q - select action, (/) - cycle Shift-Dir - straight line, f/p - wight
Aim: a wight, wielding a +4 great sword and wearing a +0 robe (moderately damaged, 59% to hit)
You throw a boomerang.
The boomerang hits the wight but does no damage.
The wight is moderately damaged.
You completely miss the wight. Your kick misses the wight.
Your punch misses the wight. You bite the wight, but do no damage.
The wight is moderately damaged.
The wight closely misses you.
You closely miss the wight. Your kick misses the wight.
Your headbutt misses the wight. Your bite misses the wight.
The wight is moderately damaged.
The wight hits you with a +4 great sword!
You take 9 damage, and have 31/40 hp.
MASSIVE DAMAGE!!
You now have 8/12 mp.
You hit the wight but do no damage.
The wight is moderately damaged.
The wight hits you with a +4 great sword!
You take 7 damage, and have 24/40 hp.
You now have 6/12 mp.
You hit the wight. You claw the wight, but do no damage.
Your headbutt misses the wight. Your bite misses the wight.
The wight is heavily damaged.
The wight hits you with a +4 great sword!
* * * LOW HITPOINT WARNING * * *
You partially resist.
You feel drained.
* * * LOW HITPOINT WARNING * * *
You take 15 damage, and have 9/38 hp.
MASSIVE DAMAGE!!
You now have 2/12 mp.
You closely miss the wight. Your kick misses the wight. You headbutt the wight.
You bite the wight. You drain its power.
You feel invigorated.
The wight is almost destroyed.
The wight hits you with a +4 great sword!
You die...

..###.## ##......##...##....#
.## ##.# ##+##..........####
.# #.# #.##.....>....# .##
##.#########.###.........#
#.###.##.......#.###.##...##.#
##...###.#####....##.##...##.#
#...###.# #.....#.........#
#.......# #..........#.####
#...###.# #.#@###....#.# #####
#.#####.#z# #......#
#.......#.# ########
#########.# #.# #.# #.# #.#
#.#


You could see a wight.

Vanquished Creatures
  2 water moccasins
  A black bear (D:6)
  2 ice beasts
  A sky beast (D:6)
  2 scorpions
  A water moccasin skeleton (D:5)
  A wight (D:6)
  A jelly (D:6)
  A hound (D:6)
  A bullfrog skeleton (D:5)
  Jessica (D:2)
  Terence (D:2)
  An iguana (D:6)
  2 orc wizards
  A hound skeleton (D:5)
  A howler monkey zombie (D:5)
  A howler monkey skeleton (D:5)
  7 adders
  A dart slug (D:1)
  12 orcs
  3 endoplasms
  A giant cockroach (D:1)
  11 goblins
  5 hobgoblins
  9 jackals
  6 quokkas
  7 ball pythons
  9 bats
  7 frilled lizards
  12 kobolds
  3 rats
114 creatures vanquished.

Vanquished Creatures (others)
  2 adders (D:3)
  A goblin (D:3)
  A hobgoblin (D:3)
  2 ball pythons (D:3)
  A frilled lizard (D:3)
7 creatures vanquished.

Grand Total: 121 creatures vanquished

Notes
Turn   | Place    | Note
-------+----------+-------------------------------------------
     0 | D:1      | jasper the Vine Stalker Transmuter began the quest for the
                  | Orb.
     0 | D:1      | Reached XP level 1. HP: 9/9 MP: 4/4
    39 | D:2      | Reached skill level 1 in Fighting
   369 | D:1      | Reached XP level 2. HP: 11/14 MP: 3/6
   974 | D:1      | Reached XP level 3. HP: 18/18 MP: 5/7
  1539 | D:2      | Found a hide-covered altar of Uskayaw.
  1551 | D:2      | Became a worshipper of Uskayaw the Reveller
  1629 | D:2      | Noticed Jessica
  1648 | D:2      | Reached * piety under Uskayaw
  1651 | D:2      | Killed Jessica
  1651 | D:2      | Reached ** piety under Uskayaw
  1652 | D:2      | Gained mutation: Your natural rate of healing is unusually
                  | fast. [Vine Stalker growth]
  1652 | D:2      | Reached XP level 4. HP: 3/23 MP: 0/8
  1757 | D:2      | Noticed Terence
  1771 | D:2      | Killed Terence
  1772 | D:2      | Reached skill level 3 in Transmutations
  1910 | D:2      | Found Bats's Assorted Antiques.
  1928 | D:2      | Bought a scroll labelled LEONEL AP XUMU for 17 gold pieces
  1928 | D:2      | Bought a smoky green potion for 15 gold pieces
  1928 | D:2      | Bought a purple potion for 15 gold pieces
  1928 | D:2      | Bought an amethyst potion for 15 gold pieces
  2603 | D:3      | Reached XP level 5. HP: 27/27 MP: 6/9
  2733 | D:3      | Found a shimmering altar of Xom.
  2792 | D:3      | Learned a level 2 spell: Wereblood
  2796 | D:3      | Learned a level 3 spell: Spider Form
  3201 | D:3      | Identified a scroll of acquirement
  3201 | D:3      | Acquired a scarf of resistance
  3349 | D:4      | Noticed an ogre
  3373 | D:5      | Entered Level 5 of the Dungeon
  3446 | D:5      | Reached skill level 1 in Poison Magic
  3486 | D:5      | Reached *** piety under Uskayaw
  3490 | D:5      | Reached skill level 4 in Transmutations
  3490 | D:5      | Reached XP level 6. HP: 26/32 MP: 6/10
  3558 | D:5      | Noticed a water moccasin
  3575 | D:5      | Killed a water moccasin
  3614 | D:5      | Noticed an ice beast
  3632 | D:5      | Killed an ice beast
  3633 | D:5      | Reached XP level 7. HP: 20/35 MP: 6/11
  3880 | D:5      | Reached skill level 5 in Transmutations
  3885 | D:5      | Reached **** piety under Uskayaw
  4475 | D:6      | Reached skill level 6 in Transmutations
  4575 | D:6      | Gained mutation: You have razor-sharp teeth. [Vine Stalker
                  | growth]
  4575 | D:6      | Reached XP level 8. HP: 39/39 MP: 10/12
  4652 | D:6      | Reached skill level 7 in Transmutations
  4783 | D:6      | Found a staircase to the Ecumenical Temple.
  5061 | D:6      | Slain by a wight

Illustrated notes

Levels and vault maps discovered:
D:1:      dpeg_arrival_fog, layout_rooms
D:2:      minmay_spotlight, layout_loops_ring, basic_altar, serial_shops,
          nicolae_shop_crystal, uniq_jessica, uniq_terence
D:3:      layout_basic, xom_confusion_cloud, kennysheep_generic_room_9
D:4:      corexii_shack_village, layout_loops_ring, grunt_decor_resistance,
          grunt_ministairs_2, palyth_stone_intersect, minmay_ogre_servants
D:5:      layout_loops_ring, glass_columns_a
D:6:      layout_loops_corners, minmay_temple_entry_stoned_glass,
          grunt_ministairs_1, uniq_sigmund

Skill      XL: |  1  2  3  4  5  6  7  8 |
---------------+-------------------------+-----
Fighting       | 1 2 3 |  3.2
Transmutations | 3 4 6 7 |  7.0
Unarmed Combat | 4 |  4.6
Poison Magic   | 1 3 4 |  4.2
Dodging        | 2 |  2.3
Spellcasting   | |  2.1

Action                   |  1- 3 |  4- 6 |  7- 9 || total
-------------------------+-------+-------+-------++-------
Melee: Unarmed           |    90 |   140 |   121 ||   351
       Kick              |    18 |    24 |    37 ||    79
       Punch             |     1 |       |     3 ||     4
       Bite              |    14 |    28 |    31 ||    73
       Headbutt          |    12 |    20 |    21 ||    53
Throw: Stone             |    34 |    58 |       ||    92
       Boomerang         |       |    11 |    44 ||    55
 Cast: Beastly Appendage |    22 |    22 |    16 ||    60
       Wereblood         |       |     1 |     1 ||     2
       Spider Form       |       |       |     1 ||     1
  Use: Scroll            |       |     6 |     1 ||     7
       Potion            |       |     1 |       ||     1
 Stab: Sleeping          |     1 |       |       ||     1
       Invisible         |       |     2 |       ||     2
       Paralysed         |       |     3 |     4 ||     7
Armor: Robe              |     8 |       |       ||     8
       Leather armour    |    16 |    36 |    11 ||    63
Dodge: Dodged            |    48 |    73 |    54 ||   175

Table legend: (Time is in decaauts)
 A = Elapsed time spent in this place.
 B = Non-inter-level travel time spent in this place.
 C = Inter-level travel time spent in this place.
 D = Time resting spent in this place.
 E = Time spent auto-exploring this place.
 F = Levels seen in this place.
 G = Mean time per level.
                   A        B        C        D        E       F      G
               +--------+--------+--------+--------+--------+-----+--------+
         Total |   5060 |   4987 |     73 |    542 |   3328 |   6 |  843.3 |
       Dungeon |   5060 |   4987 |     73 |    542 |   3328 |   6 |  843.3 |
               +--------+--------+--------+--------+--------+-----+--------+

Top non-repeatable levels by time:
     D:1: 1353 daAuts
     D:2: 1140 daAuts
     D:5: 1001 daAuts
     D:3: 724 daAuts
     D:6: 687 daAuts
     D:4: 153 daAuts
